 Dungeon Crawl Stone Soup version 0.23-a0-484-g29ba69c (webtiles) character file.

1367 mopl the Covert (level 8, 0/43 HPs)
             Began as a Deep Elf Assassin on Nov 30, 2018.
             Slain by a centaur (3 damage)
             ... on level 5 of the Dungeon.
             The game lasted 00:08:54 (5905 turns).

mopl the Covert (Deep Elf Assassin)                 Turns: 5905, Time: 00:08:55

Health: 0/43       AC: 12    Str:  8    XL:     8   Next: 38%
Magic:  10/10      EV: 12    Int: 17    God:
Gold:   153        SH:  0    Dex: 18    Spells: 7/7 levels left

rFire    . . .     SeeInvis .   a - +3 dagger (protect)
rCold    . . .     Gourm    .   (no shield)
rNeg     . . .     Faith    .   c - +0 robe
rPois    .         Spirit   .   (no helmet)
rElec    .         Reflect  .   v - +1 cloak
rCorr    +         Harm     .   d - +0 pair of gloves (curse)
MR       .....                  (no boots)
Stlth    +++++.....             (no amulet)
HPRegen  0.14/turn              j - ring of resist corrosion
MPRegen  0.12/turn              (no ring)

@: protection aura
A: no striking features
a: no special abilities


You were on level 5 of the Dungeon.
You were not hungry.

You visited 1 branch of the dungeon, and saw 5 of its levels.

You collected 153 gold pieces.

Inventory:

Hand Weapons
 a - a +3 dagger of protection (weapon)
 b - a +0 blowgun
 x - a +0 long sword of protection
Missiles
 e - 25 poisoned needles
 f - 2 curare-tipped needles
 m - a throwing net (quivered)
 y - 9 tomahawks
Armour
 c - a +0 robe (worn)
 d - a cursed +0 pair of gloves (worn)
 v - a +1 cloak (worn)
Jewellery
 j - a ring of resist corrosion (left hand)
Wands
 s - a wand of flame (13)
Scrolls
 h - 2 scrolls of fog {unknown}
 i - 2 scrolls of enchant armour {unknown}
 l - 4 scrolls of teleportation
 o - 2 scrolls of enchant weapon {unknown}
 q - 2 scrolls of remove curse {unknown}
 r - 2 scrolls of identify {unknown}
Potions
 k - a potion of heal wounds
 n - a potion of curing {unknown}
 p - a potion of mutation {unknown}
 t - a potion of might {unknown}
 u - a potion of flight {unknown}
 w - a potion of magic {unknown}
 z - a potion of ambrosia {unknown}
Comestibles
 g - 6 rations


   Skills:
 - Level 1.5 Fighting
 + Level 5.4 Short Blades
 + Level 5.4 Throwing
 - Level 1.2 Dodging
 * Level 10.6 Stealth


You had 7 spell levels left.
You didn't know any spells.
Your spell library contained the following spells:

 Spells                   Type           Power        Failure   Level  Hunger
 Poison Arrow             Conj/Pois      #.........   100%        6    #######
 Chain Lightning          Conj/Air       #.........   100%        8    #######
 Lehudib's Crystal Spear  Conj/Erth      #.........   100%        8    #######
 Fire Storm               Conj/Fire      #.........   100%        9    #######
 Glaciate                 Conj/Ice       #.........   100%        9    #######


Dungeon Overview and Level Annotations

Branches:
Dungeon (5/15)
 Temple: D:4-7

Altars:
Cheibriados
Kikubaaqudgha
Makhleb
Vehumet
Yredelemnul
The Shining One


Message History

The centaur is almost dead.
The centaur barely misses you.
You hit the centaur but do no damage.
The centaur is almost dead.
The centaur closely misses you.
You hit the centaur but do no damage.
The centaur is almost dead.
The centaur barely misses you.
You hit the centaur but do no damage.
The centaur is almost dead.
The centaur hits you.
* * * LOW HITPOINT WARNING * * *
You hit the centaur.
The centaur is almost dead.
The centaur misses you.
You barely miss the centaur.
The centaur is almost dead.
The centaur hits you but does no damage.
The centaur hits you.
You die...

........................
........................
####'#.............#####
#.. #.......#######
#...######'##
##..'....(..#
..##...$..# #.(....#
#@c..### #....# .....#
......+ .......#
#########


You could see a centaur.

Vanquished Creatures
  Grinder (D:3)
  An orc warrior (D:5)
  6 ogres
  A sky beast (D:5)
  A scorpion (D:4)
  2 crimson imps
  2 orc priests (D:3)
  3 orc wizards
  A worker ant (D:3)
  2 gnolls (D:4)
  9 adders
  A shadow imp (D:5)
  2 oozes
  3 worms
  A dart slug (D:3)
  21 orcs
  5 bats
  5 giant cockroaches
  7 goblins
  2 hobgoblins
  3 quokkas
  A ball python (D:2)
  2 frilled lizards
  5 kobolds
  A quokka skeleton (D:4)
  5 rats
93 creatures vanquished.

Notes
Turn   | Place    | Note
-------+----------+-------------------------------------------
     0 | D:1      | mopl the Deep Elf Assassin began the quest for the Orb.
     0 | D:1      | Reached XP level 1. HP: 12/12 MP: 3/3
   159 | D:1      | Reached skill level 5 in Stealth
   384 | D:1      | Reached XP level 2. HP: 13/16 MP: 4/4
   713 | D:2      | Reached XP level 3. HP: 20/20 MP: 5/5
  1330 | D:2      | Noticed an ogre
  1369 | D:2      | Killed an ogre
  1369 | D:2      | Reached skill level 3 in Short Blades
  1369 | D:2      | Reached skill level 3 in Throwing
  1369 | D:2      | Reached skill level 6 in Stealth
  1369 | D:2      | Reached XP level 4. HP: 25/25 MP: 6/6
  1550 | D:2      | Reached XP level 5. HP: 13/29 MP: 7/7
  2068 | D:3      | Reached skill level 7 in Stealth
  2743 | D:3      | Reached XP level 6. HP: 29/34 MP: 8/8
  2820 | D:3      | Noticed Grinder
  2905 | D:3      | Killed Grinder
  2905 | D:3      | Reached skill level 4 in Short Blades
  2905 | D:3      | Reached skill level 4 in Throwing
  2905 | D:3      | Reached skill level 8 in Stealth
  3156 | D:3      | Reached XP level 7. HP: 35/38 MP: 9/9
  3509 | D:4      | Reached skill level 9 in Stealth
  3943 | D:4      | Found a burning altar of Makhleb.
  3944 | D:4      | Found a radiant altar of Vehumet.
  4318 | D:4      | Found a glowing golden altar of the Shining One.
  4395 | D:4      | Reached XP level 8. HP: 39/43 MP: 10/10
  4397 | D:4      | Reached skill level 5 in Short Blades
  4397 | D:4      | Reached skill level 5 in Throwing
  4564 | D:4      | Found a basalt altar of Yredelemnul.
  4564 | D:4      | Found an ancient bone altar of Kikubaaqudgha.
  4564 | D:4      | Found a snail-covered altar of Cheibriados.
  4915 | D:5      | Entered Level 5 of the Dungeon
  5240 | D:5      | Reached skill level 10 in Stealth
  5905 | D:5      | Slain by a centaur

Vault maps used:
D:1:      dpeg_arrival_erosion
D:2:      first_ration
D:3:      uniq_grinder
D:4:      grunt_temple_overflow_lords_of_destruction,
          nicolae_tso_carved_into_rock, gammafunk_temple_overflow_forgotten

Skill      XL: |  1  2  3  4  5  6  7  8 |
---------------+-------------------------+-----
Stealth        | 5 6 7 8 9 10 | 10.6
Short Blades   | 3 4 5 |  5.4
Throwing       | 3 4 5 |  5.4
Fighting       | |  1.5
Dodging        | |  1.2

Action                   |  1- 3 |  4- 6 |  7- 9 || total
-------------------------+-------+-------+-------++-------
Melee: Dagger            |    68 |   224 |   197 ||   489
 Fire: Blowgun           |     9 |    18 |    53 ||    80
Evoke: Wand              |       |    10 |       ||    10
  Use: Potion            |       |     1 |       ||     1
       Scroll            |       |       |     1 ||     1
 Stab: Sleeping          |    12 |     4 |     7 ||    23
       Distracted        |       |     1 |       ||     1
  Eat: Chunk             |     1 |     6 |     9 ||    16
Armor: Robe              |     9 |    80 |    70 ||   159
Dodge: Dodged            |    40 |   103 |    92 ||   235

Table legend:
 A = Non-vault XP
 B = Vault XP
 C = Vault XP percentage of total XP
 D = Non-vault monster count
 E = Vault monster count
 F = Vault count percentage of total count
                 A         B        C        D         E       F
            +---------+---------+-------+---------+---------+-------
      Total |    1633 |     320 |  16.4 |      91 |       2 |   2.2
            +---------+---------+-------+---------+---------+-------
        D:1 |      14 |       0 |   0.0 |      10 |       0 |   0.0
        D:2 |     194 |       0 |   0.0 |      19 |       0 |   0.0
        D:3 |     265 |     272 |  50.7 |      26 |       1 |   3.7
        D:4 |     692 |      48 |   6.5 |      22 |       1 |   4.3
        D:5 |     468 |       0 |   0.0 |      14 |       0 |   0.0
            +---------+---------+-------+---------+---------+-------
